 Dungeon Crawl Stone Soup version 0.28.0-43-g3370ac3207 (webtiles) character file.

Game seed: 789032532387053951

77 mortz the Conjurer (level 4, -3/33 HPs)
             Began as a Draconian Conjurer on Mar 20, 2022.
             Killed by divine providence
             ... invoked by an orc priest
              (16 damage)
             ... on level 3 of the Dungeon.
             The game lasted 00:13:14 (2839 turns).

mortz the Conjurer (Draconian Conjurer)             Turns: 2839, Time: 00:13:15

Health: -3/33      AC:  5    Str:  9    XL:     4   Next: 14%
Magic:  5/7        EV: 12    Int: 20    God:
Gold:   95         SH:  0    Dex: 10    Spells: 4/7 levels left

rFire   . . .      SeeInvis .   e - +0 dagger {short}
rCold   . . .      Faith    .   (no shield)
rNeg    . . .      Spirit   .   (armour unavailable)
rPois   .          Reflect  .   (helmet restricted)
rElec   .          Harm     .   (no cloak)
rCorr   .          Rampage  .   (no gloves)
Will    .....                   (no boots)
Stlth   ++........              (no amulet)
HPRegen 0.11/turn               (no ring)
MPRegen 0.10/turn               (no ring)

@: no status effects
A: AC +5, unfitting armour, cold-blooded
a: no special abilities


You were on level 3 of the Dungeon.
You visited 1 branch of the dungeon, and saw 3 of its levels.

You collected 95 gold pieces.


Innate Abilities, Weirdness & Mutations

Your plain brown scales are hard. (AC +5)
You cannot fit into any form of body armour.
You are cold-blooded and may be slowed by cold attacks.


   Skills:
 + Level 0.1 Fighting
 * Level 1.2 Short Blades
 + Level 2.0 Dodging
 + Level 2.1 Stealth
 + Level 2.2 Spellcasting
 + Level 5.1 Conjurations


You had 4 spell levels left.
You knew the following spells:

 Your Spells              Type           Power      Damage    Failure   Level
a - Magic Dart            Conj           88%        1d7       1%          1
b - Searing Ray           Conj           44%        2d6       3%          2

Your spell library contained the following spells:

 Spells                   Type           Power      Damage    Failure   Level
 Shock                    Conj/Air       48%        1d6       5%          1
 Dazzling Flash           Conj/Hex       24%        N/A       16%         3
 Swiftness                Air            2%         N/A       43%         3
 Fulminant Prism          Conj/Hex       6%         3d7       47%         4
 Iskenderun's Mystic Bla  Conj/Tloc      12%        2d5       47%         4
 Airstrike                Air            1%         N/A       83%         4

Inventory:

Hand Weapons
 d - a +0 spear {polearm}
   (You found it on level 1 of the Dungeon)
 e - a +0 dagger (weapon) {short}
   (You took it off a kobold on level 1 of the Dungeon)
Missiles
 f - 73 stones {throwing}
Scrolls
 a - a scroll of fog
 c - a scroll of enchant weapon
 h - a scroll of teleportation {@r4}
 j - a scroll of immolation {unknown}
Potions
 b - a potion of resistance {unknown}
 g - a potion of heal wounds {@q2}

Dungeon Overview and Level Annotations

Branches:
Dungeon (3/15)

Altars:
Ashenzari

#.†o# #.o.#
###########
#.#
.......<..#
#.#
#########.#
#.# #.#
###)# #.#
#...# #.#
#.### #@#
#)# #h# #.#
#.# #)# #.#
#.# #.# #.#
##########.#
#†#
#....o...o.#
#.#
#.##########
#.# #.#
##### #.#


You could see an orc priest and a jackal.


Message History

You hit the orc priest but do no damage.
The orc priest misses you.
You hit the orc priest but do no damage.
The orc priest hits you with a +0 mace. 😕 HP[-2]
You take 2 damage, and now have 26/33 hp.
You hit the orc priest but do no damage.
You tail-slap the orc priest, but do no damage.
The orc priest hits you but does no damage.
You closely miss the orc priest. The orc priest hits you with a +0 mace.
You hit the orc priest but do no damage.
The orc priest closely misses you. 😕 MP[+1]
You barely miss the orc priest.
Your tail-slap misses the orc priest.
The orc priest looks braver for a moment.
Aiming: Magic Dart (safe; 1% risk of failure)
Press: ? - help, Q - select action, (/) - cycle Shift-Dir - straight line, f/p - orc priest
Aim: an orc priest, wielding a +0 mace and wearing a +0 chain mail (heavily wounded, 100% to hit)
The magic dart hits the orc priest but does no damage.
The orc priest closely misses you. 😕 MP[-1]
You lost 1 mp, and now have 0/7 mp.
You hit the orc priest but do no damage.
You tail-slap the orc priest, but do no damage.
The orc priest hits you with a +0 mace. 😮 HP[-5]
You take 5 damage, and now have 21/33 hp.
You hit the orc priest but do no damage.
You tail-slap the orc priest, but do no damage.
The orc priest hits you with a +0 mace. 😮 HP[-3]
You take 3 damage, and now have 18/33 hp.
You barely miss the orc priest.
You tail-slap the orc priest, but do no damage.
The orc priest hits you with a +0 mace.
* * * LOW HITPOINT WARNING * * *
😨 HP[-5]
You take 5 damage, and now have 13/33 hp.
You hit the orc priest but do no damage.
The orc priest closely misses you.
You hit the orc priest but do no damage.
Your tail-slap misses the orc priest.
The orc priest barely misses you.
You barely miss the orc priest.
You tail-slap the orc priest, but do no damage.
The orc priest barely misses you. 😨 HP[+1]
You hit the orc priest.
The orc priest invokes the aid of Beogh against you.
Beogh smites you!
* * * LOW HITPOINT WARNING * * *
😱 HP[-12]
You take 12 damage, and now have 2/33 hp.
MASSIVE DAMAGE!! (PAUSE) 😱 MP[+1]
You see here a jackal corpse.
You feel much better.
The orc priest hits you with a +0 mace. 😮 HP[+17]
You regained 17 hp, and now have 19/33 hp.
The orc priest calls down the wrath of Beogh upon you.
Beogh smites you!
* * * LOW HITPOINT WARNING * * *
😱 HP[-12]
You take 12 damage, and now have 7/33 hp.
MASSIVE DAMAGE!! (PAUSE) 😱 MP[+1] 😱 HP[+1]
The orc priest mumbles some strange prayers to Beogh against you.
Pain shoots through your body!
* * * LOW HITPOINT WARNING * * *
😱 HP[-4]
You take 4 damage, and now have 4/33 hp. 😱 MP[+1]
The orc priest miscasts a cantrip.
You feel much better. 😮 HP[+20]
You regained 20 hp, and now have 24/33 hp.
The jackal bites you. 😮 HP[-2]
You take 2 damage, and now have 22/33 hp. 😮 HP[+1]
The jackal closely misses you.
The orc priest mumbles some strange prayers to Beogh against you.
Beogh smites you!
* * * LOW HITPOINT WARNING * * *
😨 HP[-11]
You take 11 damage, and now have 12/33 hp.
MASSIVE DAMAGE!! (PAUSE)
The jackal barely misses you. 😨 MP[+1]
The jackal closely misses you. The jackal closely misses you.
The orc priest looks encouraged for a moment. 😨 HP[+1]
The jackal bites you but does no damage.
The jackal barely misses you. 😨 MP[+1]
The jackal misses you.
The orc priest invokes the aid of Beogh against you.
Beogh smites you!
You die...

Skill      XL: |  1  2  3 |
---------------+----------+-----
Stealth        | 2 |  2.1
Short Blades   | 1 |  1.2
Dodging        | 2 |  2.0
Conjurations   | 5 |  5.1
Fighting       | |  0.1
Spellcasting   | |  2.2

Action                   |  1- 3 |  4- 6 || total
-------------------------+-------+-------++-------
Melee: Unarmed           |     1 |       ||     1
       Dagger            |    22 |    14 ||    36
       Tailslap          |     3 |     5 ||     8
 Cast: Magic Dart        |    42 |     1 ||    43
       Searing Ray       |     7 |       ||     7
  Use: Scroll            |     4 |       ||     4
       Potion            |       |     2 ||     2
Armor: Skin              |    11 |     2 ||    13
Dodge: Dodged            |    23 |    12 ||    35

Levels and vault maps discovered:
D:1:      roderic_octagonal_star, layout_basic, ebering_ecumenical_altar_hall,
          glass_columns_a, supply_closet_lemuel
D:2:      layout_basic, basic_altar
D:3:      layout_loops_ring

Notes
Turn   | Place    | Note
-------+----------+-------------------------------------------
     0 | D:1      | mortz the Draconian Conjurer began the quest for the Orb.
     0 | D:1      | Reached XP level 1. HP: 14/14 MP: 3/3
     0 | D:1      | magus.rc [v1.9.6]
   539 | D:1      | Found a faded altar of an unknown god.
   829 | D:1      | Reached XP level 2. HP: 20/20 MP: 0/5
  1175 | D:1      | Learned a level 2 spell: Searing Ray
  1414 | D:2      | HP: 5/20 [poisoned by an adder]
  1728 | D:2      | You pick up a book of Air and begin reading...
  1728 | D:2      | You add the spells Shock, Swiftness and Airstrike to your
                  | library.
  1813 | D:2      | HP: 5/20 [adder (3)]
  1817 | D:2      | Reached XP level 3. HP: 7/26 MP: 0/6
  2100 | D:2      | Found a broken altar of Ashenzari.
  2688 | D:3      | Reached skill level 2 in Stealth
  2782 | D:3      | Reached skill level 1 in Short Blades
  2782 | D:3      | Reached skill level 2 in Dodging
  2782 | D:3      | Reached skill level 5 in Conjurations
  2782 | D:3      | Reached XP level 4. HP: 33/33 MP: 0/7
  2796 | D:3      | HP: 2/33 [orc priest/divine providence (12)]
  2806 | D:3      | HP: 7/33 [orc priest/divine providence (12)]
  2816 | D:3      | HP: 4/33 [orc priest/nerve-wracking pain (4)]
  2839 | D:3      | Killed from afar by an orc priest

Vanquished Creatures
  An orc priest (D:3)
  2 adders (D:2)
  2 orcs (D:3)
  A ball python (D:2)
  2 endoplasms
  A giant cockroach (D:2)
  A hobgoblin (D:2)
  2 jackals (D:3)
  5 kobolds
  A quokka (D:1)
  5 bats
  5 rats
28 creatures vanquished.

Table legend:
 A = Non-vault XP
 B = Vault XP
 C = Vault XP percentage of total XP
 D = Non-vault monster count
 E = Vault monster count
 F = Vault count percentage of total count
                 A         B        C        D         E       F
            +---------+---------+-------+---------+---------+-------
      Total |     111 |       0 |   0.0 |      28 |       0 |   0.0
            +---------+---------+-------+---------+---------+-------
        D:1 |      13 |       0 |   0.0 |       8 |       0 |   0.0
        D:2 |      46 |       0 |   0.0 |      14 |       0 |   0.0
        D:3 |      52 |       0 |   0.0 |       6 |       0 |   0.0
            +---------+---------+-------+---------+---------+-------

Illustrated notes

Table legend:
 A = Kills in this place as a percentage of kills in entire the game.
 B = Kills by you in this place as a percentage of kills by you in the entire game.
 C = Kills by friends in this place as a percentage of kills by friends in the entire game.
 D = Other kills in this place as a percentage of other kills in the entire game.
 E = Experience gained in this place as a percentage of experience gained in the entire game.
 F = Experience gained in this place divided by the number of levels of this place that you have seen.
                   A       B       C       D       E      F
               +-------+-------+-------+-------+-------+----------------------
         Total | 100.0 | 100.0 |   N/A |   N/A | 100.0 |  37.0
       Dungeon | 100.0 | 100.0 |   N/A |   N/A | 100.0 |  37.0
               +-------+-------+-------+-------+-------+----------------------

Table legend: (Time is in decaauts)
 A = Elapsed time spent in this place.
 B = Non-inter-level travel time spent in this place.
 C = Inter-level travel time spent in this place.
 D = Time resting spent in this place.
 E = Time spent auto-exploring this place.
 F = Levels seen in this place.
 G = Mean time per level.
                   A        B        C        D        E       F      G
               +--------+--------+--------+--------+--------+-----+--------+
         Total |   2839 |   2786 |     53 |    534 |   1963 |   3 |  946.3 |
       Dungeon |   2839 |   2786 |     53 |    534 |   1963 |   3 |  946.3 |
               +--------+--------+--------+--------+--------+-----+--------+

Top non-repeatable levels by time:
     D:1: 1555 daAuts
     D:2: 1006 daAuts
     D:3: 276 daAuts
